 Dungeon Crawl Stone Soup version 0.27.1-34-g3ba077fa99 (webtiles) character file.

Game seed: 3527219342117659379

303 Delamore the Covert (level 6, -5/39 HPs)
             Began as an Octopode Brigand on Feb 11, 2022.
             Slain by a gnoll (7 damage)
             ... on level 3 of the Dungeon.
             The game lasted 00:03:08 (3214 turns).

Delamore the Covert (Octopode Brigand)              Turns: 3214, Time: 00:03:09

Health: -5/39      AC:  1    Str: 10    XL:     6   Next: 38%
Magic:  6/6        EV:  7    Int: 13    God:
Gold:   83         SH:  0    Dex: 16    Spells: 5/5 levels left

rFire    . . .     SeeInvis .   k - +8 rapier of Amuer {vorpal, rElec rC++ Will+}
rCold    + + .     Faith    .   (no shield)
rNeg     . . .     Spirit   .   (helmet restricted)
rPois    .         Reflect  .   (no amulet)
rElec    +         Harm     .   (no ring)
rCorr    .         Rampage  .   (no ring)
Will     +....                  (no ring)
Stlth    +++++.....             (no ring)
HPRegen  0.13/turn              (no ring)
MPRegen  0.10/turn              (no ring)
                                (no ring)
                                (no ring)

@: held
A: almost no armour, amphibious, 8 rings, camouflage 1, gelatinous body 1,
(nimble swimmer 1), tentacles
a: no special abilities


You were on level 3 of the Dungeon.
You visited 1 branch of the dungeon, and saw 3 of its levels.

You collected 83 gold pieces.

Inventory:

Hand Weapons
 a - a +2 dagger
 j - a +4 dagger
 k - the +8 rapier of Amuer (weapon) {vorpal, rElec rC++ Will+}
   (You acquired it on level 2 of the Dungeon)

   It inflicts extra damage upon your enemies.
   rC:        It greatly protects you from cold.
   rElec:     It insulates you from electricity.
   Will:      It increases your willpower.
Missiles
 b - 28 poisoned darts (quivered)
 c - 2 curare-tipped darts
 r - a throwing net
Scrolls
 e - 2 scrolls of teleportation
 l - a scroll of immolation {unknown}
 o - a scroll of identify
 q - a scroll of enchant armour
Potions
 d - 2 potions of lignification {unknown}
 f - 3 potions of might {unknown}
 g - a potion of resistance {unknown}
 h - a potion of berserk rage {unknown}
 i - a potion of brilliance {unknown}
 m - a potion of cancellation {unknown}
 n - a potion of flight {unknown}
 p - a potion of attraction {unknown}


   Skills:
 - Level 2.0 Fighting
 + Level 4.0 Short Blades
 - Level 2.0 Throwing
 - Level 1.0 Dodging
 * Level 9.1 Stealth


You had 5 spell levels left.
You didn't know any spells.
Your spell library contained the following spells:

 Spells                   Type           Power      Damage    Failure   Level
 Inner Flame              Hex/Fire       0%         N/A       67%         3
 Fulminant Prism          Conj/Hex       0%         3d6       97%         4
 Olgreb's Toxic Radiance  Pois           0%         N/A       97%         4
 Metabolic Englaciation   Hex/Ice        0%         N/A       100%        5
 Ozocubu's Refrigeration  Ice            0%         4d5       100%        7
 Ignition                 Fire           0%         3d3       100%        8


Dungeon Overview and Level Annotations

Branches:
Dungeon (3/15)

Altars:
Wu Jian


Innate Abilities, Weirdness & Mutations

You cannot wear most types of armour.
You are amphibious.
You can wear up to eight rings at the same time.
Your skin changes colour to match your surroundings (Stealth+).
Your rubbery body absorbs attacks. (AC +1, EV +1)
((You are camouflaged near water. (Stealth+)))
You have tentacles for arms and can constrict up to eight enemies at once.


Message History

You squeeze the gnoll, but do no damage.
The gnoll is heavily wounded.
You constrict the gnoll.
The gnoll hits you from afar with a +0 spear.
The gnoll hits you from afar with a +0 halberd.
The gnoll closely misses you.
You are too injured to fight recklessly!
You are too injured to fight recklessly!
You are too injured to fight recklessly!
You are too injured to fight recklessly!
You are too injured to fight recklessly!
You are too injured to fight recklessly!
You are too injured to fight recklessly!
You are too injured to fight recklessly!
You are too injured to fight recklessly!
You are too injured to fight recklessly!
You are too injured to fight recklessly!
You are too injured to fight recklessly!
You release your grip on the gnoll.
The gnoll hits you with a +0 spear. The gnoll misses you.
The gnoll throws a throwing net.
The throwing net hits you.
You become entangled in the net!
You see here a throwing net.
You struggle against the net.
You struggle against the net.
You struggle against the net.
You struggle against the net.
The gnoll barely misses you.
The gnoll hits you from afar with a +0 spear.
* * * LOW HITPOINT WARNING * * *
You struggle against the net.
The gnoll hits you from afar with a +0 halberd!
* * * LOW HITPOINT WARNING * * *
The gnoll barely misses you.
Okay, then.
As you read the scroll labelled ISTRAO UXAL, it crumbles to dust.
It is a scroll of identify.
q - a scroll of enchant armour The gnoll barely misses you.
The gnoll hits you from afar with a +0 spear!
You die...

.. ##..#....... #.
#.......#.. #### #g####
#...#####.. .....#gg..#
#...# #.# #......#.#
#...#####.# ......#.#.#
#..........
.#.##.#.#g#######....###...
# # #.#.##.....)........#
#gg.@....).).........
###.##..............#
#.#######....###... ..#
#.........# ####
#...####### #...# #...#
##.## ####(########


You could see 3 gnolls.

Vanquished Creatures
  A wyvern zombie (D:3)
  A jelly (D:2)
  2 orc wizards (D:3)
  Robin (D:2)
  4 gnolls (D:3)
  3 adders
  A worm (D:3)
  6 orcs (D:3)
  10 endoplasms
  2 giant cockroaches
  6 hobgoblins
  2 jackals (D:1)
  4 quokkas
  4 ball pythons
  2 bats
  4 frilled lizards
  13 goblins
  5 kobolds
  2 rats
73 creatures vanquished.

Vanquished Creatures (others)
  4 toadstools (D:1)
4 creatures vanquished.

Grand Total: 77 creatures vanquished

Notes
Turn   | Place    | Note
-------+----------+-------------------------------------------
     0 | D:1      | Delamore the Octopode Brigand began the quest for the Orb.
     0 | D:1      | Reached XP level 1. HP: 14/14 MP: 1/1
   318 | D:1      | Found a faded altar of an unknown god.
   338 | D:1      | Reached XP level 2. HP: 19/19 MP: 2/2
   636 | D:1      | Reached skill level 6 in Stealth
   983 | D:2      | Noticed Robin
  1006 | D:2      | Reached XP level 3. HP: 24/24 MP: 3/3
  1032 | D:2      | Killed Robin
  1458 | D:2      | Reached skill level 7 in Stealth
  1458 | D:2      | Reached XP level 4. HP: 29/29 MP: 4/4
  1893 | D:2      | Found an ornate altar of the Wu Jian Council.
  2276 | D:2      | Identified a scroll of acquirement
  2276 | D:2      | Acquired the +8 rapier of Amuer {vorpal, rElec rC++ Will+}
  2289 | D:2      | Reached XP level 5. HP: 34/34 MP: 5/5
  2319 | D:3      | Reached skill level 8 in Stealth
  2354 | D:3      | Got the Almanac of the Oath
  2687 | D:3      | Reached XP level 6. HP: 34/39 MP: 6/6
  2954 | D:3      | Reached skill level 9 in Stealth
  3214 | D:3      | Slain by a gnoll

Illustrated notes

Levels and vault maps discovered:
D:1:      ldierk_water_garden, layout_basic,
          ebering_ecumenical_altar_sacrificial
D:2:      layout_loops_corners, basic_altar, uniq_robin
D:3:      layout_loops_cross

Skill      XL: |  1  2  3  4  5  6 |
---------------+-------------------+-----
Stealth        | 6 7 8 9 |  9.1
Short Blades   | 3 4 |  4.0
Fighting       | |  2.0
Throwing       | |  2.0
Dodging        | |  1.0

Action                   |  1- 3 |  4- 6 || total
-------------------------+-------+-------++-------
Melee: Dagger            |    68 |    20 ||    88
       Constrict         |    16 |     8 ||    24
       Tentacles         |    14 |    10 ||    24
       Rapier            |       |    46 ||    46
  Use: Scroll            |       |     4 ||     4
 Stab: Sleeping          |     8 |    12 ||    20
Armor: Skin              |     5 |     2 ||     7
Dodge: Dodged            |    22 |    32 ||    54
